 Dungeon Crawl Stone Soup version 0.21.1-1-g345015fe64 (webtiles) character file.

7281 JOKERXD40 the Cleaver (level 11, -15/94 HPs)
             Began as a Hill Orc Fighter on June 19, 2018.
             Was a Priest of Beogh.
             Demolished by an orc warlord
             ... wielding a +5 bardiche of venom
              (22 damage)
             ... on level 10 of the Dungeon.
             The game lasted 00:33:09 (8236 turns).

JOKERXD40 the Cleaver (Hill Orc Fighter)            Turns: 8236, Time: 00:33:10

Health: -15/94     AC: 22    Str: 28    XL:     11   Next: 12%
Magic:  6/6        EV:  8    Int:  8    God:    Beogh [***...]
Gold:   449        SH: 13    Dex: 17    Spells: 18/19 levels left

rFire    . . .     SeeInvis .   R - +2 war axe of Scorn {antimagic, Dex+7}
rCold    . . .     Gourm    .   c - +0 shield
rNeg     . . .     Faith    .   A - +0 plate armour
rPois    .         Spirit   .   o - +1 helmet
rElec    .         Reflect  .   F - +0 cloak
rCorr    .         Harm     .   (no gloves)
MR       .....                  B - +0 pair of boots
Stlth    ..........             (no amulet)
HPRegen  0.25/turn              S - +2 ring of slaying
MPRegen  0.10/turn              I - +3 ring of protection

@: mighty, lethally poisoned (-15 -> -27)
A: no striking features
a: Smiting, Renounce Religion


You were on level 10 of the Dungeon.
You worshipped Beogh.
Beogh was most pleased with you.
You were hungry.

You visited 1 branch of the dungeon, and saw 10 of its levels.
You also visited: Ossuary.

You collected 449 gold pieces.

Inventory:

Hand Weapons
 k - a +0 hand axe of electrocution
 M - a +3 hand axe
 R - the +2 war axe of Scorn (weapon) {antimagic, Dex+7}
   (You found it on level 9 of the Dungeon)

   It reduces the magical energy of the wielder, and disrupts the spells and
   magical abilities of those hit.
   Natural abilities and divine invocations are not affected.
   It affects your dexterity (+7).
Missiles
 m - 399 stones (quivered)
Armour
 c - a +0 shield (worn)
 o - a +1 helmet (worn)
 A - a +0 plate armour (worn)
 B - a +0 pair of boots (worn)
 F - a +0 cloak (worn)
Magical Staves
 Q - an uncursed staff of conjuration
Jewellery
 e - an uncursed ring of magical power
 p - a +2 ring of evasion
 r - an uncursed ring of protection from cold
 I - a +3 ring of protection (right hand)
 S - a +2 ring of slaying (left hand)
Wands
 a - a wand of iceblast (3)
 v - a wand of paralysis (19)
 H - a wand of scattershot (7)
 O - a wand of random effects (21)
 P - a wand of enslavement (12)
Scrolls
 g - 7 scrolls of identify
 h - 2 scrolls of fog {unknown}
 i - 3 scrolls of amnesia
 t - a scroll of brand weapon {unknown}
 w - 3 scrolls of fear {unknown}
 D - 3 scrolls of remove curse
 E - 8 scrolls of teleportation
 G - 3 scrolls of enchant armour {unknown}
 J - a scroll of magic mapping {unknown}
 K - a scroll of holy word {unknown}
 L - a scroll of summoning {unknown}
 N - 2 scrolls of enchant weapon {unknown}
Potions
 d - 3 potions of might
 j - 2 potions of flight {unknown}
 l - 4 potions of agility
 n - 5 potions of heal wounds
 q - 2 potions of lignification {unknown}
 s - 3 potions of magic {unknown}
 u - 3 potions of invisibility {unknown}
 x - 3 potions of resistance {unknown}
 z - a potion of haste {unknown}
 C - 4 potions of curing
Books
 b - a book of Cantrips

   Spells                             Type                      Level
   a - Confusing Touch                Hexes                        1
   b - Animate Skeleton               Necromancy                   1
   c - Summon Small Mammal            Summoning                    1
   d - Apportation                    Translocation                1
 y - a book of Conjurations

   Spells                             Type                      Level
   a - Magic Dart                     Conjuration                  1
   b - Searing Ray                    Conjuration                  2
   c - Dazzling Spray                 Conjuration/Hexes            3
   d - Fulminant Prism                Conjuration/Hexes            4
   e - Force Lance                    Conjuration/Translocation    4
   f - Iskenderun's Mystic Blast      Conjuration                  4
Comestibles
 f - 11 rations


   Skills:
 + Level 8.0 Fighting
 + Level 11.7 Axes
 + Level 9.0 Armour
 + Level 2.1 Dodging
 - Level 0.4 Stealth
 + Level 8.9 Shields
 - Level 4.8 Spellcasting


You had 18 spell levels left.
You knew the following spells:

 Your Spells              Type           Power        Failure   Level  Hunger
a - Magic Dart            Conj           #...         99%         1    #......


Dungeon Overview and Level Annotations

Branches:
Dungeon (10/15)            Temple (0/1) D:4            Lair (0/6) D:9
    Orc (0/2) D:10

Altars:
Ashenzari
Cheibriados
Elyvilon
Kikubaaqudgha
Makhleb
Okawaru
Ru
Trog
Xom
Yredelemnul
The Shining One


Message History

The orc dies!
Beogh accepts your kill.
Your orc barely misses the orc warlord.
The orc warrior barely misses your orc.
The orc hits your orc with a short sword.
Your orc dies!
Your orc barely misses the orc warrior.
You slice the orc knight!!
The orc knight is severely wounded.
You feel sick.
Your orc warrior hits the orc knight with a war axe.
Your orc warrior hits the orc warrior but does no damage.
Your orc warrior barely misses the orc warlord.
Your orc hits the orc warlord with a club.
Your orc hits the orc knight but does no damage.
The orc warrior barely misses you. The orc closely misses your orc.
The orc knight hits you with a great sword!!!
* * * LOW HITPOINT WARNING * * *
The orc warlord hits you from afar with a bardiche of venom!!
You die...
Beogh appreciates the orc warlord's killing of a heretic priest.

#######++######
...............
..)....)o).....
$....o)oooo)...
....)ooooo.o... ##@o##
#######
#.o..#######..#..#
+....'.....'..#C.#
#....#######..#..#+
#####''''#############.
.....................#.
≈≈≈≈≈....≈≈≈≈≈≈≈≈≈≈≈≈##
≈≈≈≈≈....≈≈≈≈≈≈≈≈≈≈≈≈≈≈
≈≈≈≈≈....≈≈≈≈≈≈≈≈≈≈≈≈≈≈


You could see an orc warlord, an orc knight, 2 orc warriors, 3 orcs, 2 friendly
orc warriors and 5 friendly orcs.

Vanquished Creatures
  A two-headed ogre (D:6)
  An elephant (D:9)
  The ghost of mehakun the Ruffian, an amateur TrMo (D:3)
  The ghost of Chudej the Thaumaturge, a novice DECj (D:6)
  A troll (D:9)
  Prince Ribbit (D:8)
  2 hippogriffs (D:9)
  2 wraiths (D:7)
  2 basilisks (D:9)
  A human (D:8)
  3 wargs (D:10)
  2 orc warriors
  2 sky beasts (D:5)
  A black bear (D:8)
  A phantom (D:4)
  3 ice beasts
  8 ogres
  A centaur (D:9)
  A crocodile (D:9)
  An elf zombie (D:7)
  Blork the orc (D:5)
  2 big kobolds
  5 bullfrogs
  A scorpion (D:8)
  5 wights (D:7)
  6 crimson imps
  5 hounds
  An orc priest (D:9)
  3 human zombies (D:7)
  3 jellies
  7 orc wizards
  A bullfrog skeleton (D:6)
  A bullfrog zombie (D:9)
  A centaur skeleton (D:8)
  A human skeleton (D:7)
  Jessica (D:3)
  Ijyb (D:3)
  Terence (D:3)
  3 iguanas
  3 worker ants
  An ogre zombie (D:7)
  A big kobold zombie (Ossuary)
  An ogre skeleton (D:7)
  2 hound zombies (Ossuary)
  5 mummies
  7 gnolls (D:8)
  9 adders
  4 shadow imps
  3 oozes
  2 adder zombies (Ossuary)
  5 dart slugs
  3 leopard geckos
  19 orcs
  10 bats
  7 giant cockroaches
  10 goblins (D:3)
  11 hobgoblins
  9 jackals
  3 quokkas
  3 frilled lizards
  3 gnoll zombies (Ossuary)
  2 hobgoblin zombies (Ossuary)
  2 jackal zombies (Ossuary)
  8 kobolds
  An orc skeleton (D:7)
  A quokka zombie (D:7)
  11 rats
  2 plants (D:10)
233 creatures vanquished.

Vanquished Creatures (collateral kills)
  A howler monkey (D:10)
  An orc priest (D:10)
  6 orcs (D:10)
  A jackal (D:8)
9 creatures vanquished.

Vanquished Creatures (others)
  A crimson imp (D:6)
  9 orcs
10 creatures vanquished.

Grand Total: 252 creatures vanquished

Notes
Turn   | Place    | Note
-------+----------+-------------------------------------------
     0 | D:1      | JOKERXD40 the Hill Orc Fighter began the quest for the Orb.
     0 | D:1      | Reached XP level 1. HP: 19/19 MP: 1/1
   189 | D:1      | Reached XP level 2. HP: 26/27 MP: 2/2
   332 | D:1      | Reached skill level 3 in Axes
   508 | D:1      | Reached XP level 3. HP: 31/33 MP: 3/3
   574 | D:1      | Found a glowing golden altar of the Shining One.
  1736 | D:2      | Reached XP level 4. HP: 39/40 MP: 4/4
  1873 | D:3      | Noticed Jessica
  1881 | D:3      | Killed Jessica
  1996 | D:3      | Reached XP level 5. HP: 47/47 MP: 5/5
  2217 | D:3      | Noticed mehakun's ghost (amateur TrMo)
  2221 | D:3      | Reached skill level 4 in Axes
  2227 | D:3      | Killed mehakun's ghost
  2227 | D:3      | Reached skill level 5 in Axes
  2227 | D:3      | Reached XP level 6. HP: 34/55 MP: 6/6
  2297 | D:3      | Noticed Terence
  2300 | D:3      | Killed Terence
  2300 | D:3      | Reached skill level 1 in Dodging
  2322 | D:3      | Found a shattered altar of Ashenzari.
  2468 | D:3      | Noticed Ijyb
  2470 | D:3      | Reached skill level 5 in Armour
  2478 | D:3      | Killed Ijyb
  2478 | D:3      | Reached XP level 7. HP: 60/60 MP: 7/7
  2784 | D:4      | Reached skill level 5 in Fighting
  2784 | D:4      | Reached skill level 6 in Axes
  2922 | D:4      | Reached skill level 5 in Shields
  3087 | D:4      | Found a staircase to the Ecumenical Temple.
  3141 | D:4      | Found a burning altar of Makhleb.
  3260 | D:4      | Found a bloodstained altar of Trog.
  3323 | D:4      | Reached skill level 1 in Spellcasting
  3426 | D:4      | Found an ancient bone altar of Kikubaaqudgha.
  3500 | D:5      | Entered Level 5 of the Dungeon
  3575 | D:5      | Reached XP level 8. HP: 60/68 MP: 9/9
  3600 | D:5      | Reached skill level 7 in Axes
  3625 | D:5      | Noticed Blork the orc
  3640 | D:5      | Killed Blork the orc
  4254 | D:6      | Became a worshipper of Beogh the Brigand
  4326 | D:6      | Noticed Chudej's ghost (novice DECj)
  4334 | D:6      | Killed Chudej's ghost
  4334 | D:6      | Reached skill level 8 in Axes
  4360 | D:6      | Noticed a two-headed ogre
  4378 | D:6      | Killed a two-headed ogre
  4378 | D:6      | Reached skill level 9 in Axes
  4378 | D:6      | Reached XP level 9. HP: 35/75 MP: 13/13
  5255 | D:7      | Found a sand-covered staircase.
  5261 | Ossuary  | Entered an ossuary
  5266 | Ossuary  | Reached * piety under Beogh
  5482 | D:7      | Reached skill level 10 in Axes
  5569 | D:7      | Found a basalt altar of Yredelemnul.
  5635 | D:7      | Reached XP level 10. HP: 75/84 MP: 15/15
  5841 | D:7      | Reached ** piety under Beogh
  5863 | D:7      | Found a sacrificial altar of Ru.
  5863 | D:7      | Found a shimmering altar of Xom.
  5872 | D:7      | Found a white marble altar of Elyvilon.
  5914 | D:7      | Found a snail-covered altar of Cheibriados.
  6131 | D:8      | Learned a level 1 spell: Magic Dart
  6270 | D:8      | Noticed Prince Ribbit
  6576 | D:8      | Killed Prince Ribbit
  7030 | D:9      | Reached skill level 11 in Axes
  7428 | D:9      | Noticed an elephant
  7481 | D:9      | Killed an elephant
  7537 | D:9      | Found a staircase to the Lair.
  7796 | D:9      | Reached XP level 11. HP: 94/94 MP: 18/18
  7819 | D:9      | Found an iron altar of Okawaru.
  7838 | D:9      | Reached *** piety under Beogh
  7937 | D:9      | Got a translucent war axe
  7938 | D:9      | Identified the +2 war axe of Scorn {antimagic, Dex+7} (You found it on level 9 of the Dungeon)
  8061 | D:10     | Entered Level 10 of the Dungeon
  8068 | D:10     | Found a staircase to the Orcish Mines.
  8207 | D:10     | Noticed a frost giant
  8226 | D:10     | Noticed an orc warlord
  8226 | D:10     | Noticed an orc knight
  8236 | D:10     | Demolished by an orc warlord

Skill      XL: |  1  2  3  4  5  6  7  8  9 10 11 |
---------------+----------------------------------+-----
Axes           | 3 5 6 9 10 11 | 11.7
Fighting       | 4 5 6 7 8 |  8.0
Armour         | 4 5 6 7 8 9 |  9.0
Shields        | 4 5 6 7 8 |  8.9
Dodging        | 1 2 |  2.1
Spellcasting   | 1 3 4 |  4.8
Stealth        | |  0.4

Action                   |  1- 3 |  4- 6 |  7- 9 | 10-12 || total
-------------------------+-------+-------+-------+-------++-------
Melee: War axe           |    24 |       |       |    50 ||    74
       Hand axe          |    87 |    91 |   364 |   281 ||   823
Invok: Convert to Beogh  |       |       |     1 |       ||     1
Evoke: Wand              |       |       |       |     2 ||     2
  Use: Scroll            |     1 |       |     3 |     5 ||     9
       Potion            |       |       |       |     2 ||     2
 Stab: Distracted        |       |       |       |     1 ||     1
  Eat: Chunk             |     2 |     2 |     9 |     4 ||    17
       Ration            |       |       |     1 |     1 ||     2
Armor: Scale mail        |    50 |    17 |       |       ||    67
       Ring mail         |       |    20 |    15 |       ||    35
       Plate armour      |       |       |   121 |   158 ||   279
Dodge: Dodged            |    25 |    27 |    61 |    47 ||   160
Block: Shield            |    58 |    43 |   148 |   143 ||   392
